 Dungeon Crawl Stone Soup version 0.28.0-53-g5a82cb258f (webtiles) character file.

Game seed: 4637026023295537156

4426 Zeld the Thaumaturge (level 10, 0/100 HPs)
             Began as a Yellow Draconian Transmuter on June 3, 2022.
             Was an Initiate of Gozag.
             Slain by a killer bee (8 damage)
             ... on level 9 of the Dungeon.
             The game lasted 00:10:30 (11791 turns).

Zeld the Thaumaturge (Yellow Draconian Transmuter) Turns: 11791, Time: 00:10:31

Health: 0/100      AC:  6    Str: 18    XL:     10   Next: 14%
Magic:  20/20      EV: 10    Int: 13    God:    Gozag
Gold:   572        SH:  0    Dex: 11    Spells: 10/25 levels left

rFire   x . .      SeeInvis .     - Unarmed
rCold   + + +      Faith    .   (shield currently unavailable)
rNeg    . . .      Spirit   .   (armour unavailable)
rPois   +          Reflect  .   (helmet currently unavailable)
rElec   .          Harm     .   (cloak currently unavailable)
rCorr   .          Rampage  .   (gloves currently unavailable)
Will    +....                   (boots currently unavailable)
Stlth   ++........              (no amulet)
HPRegen 0.26/turn               x - ring of willpower
MPRegen 0.17/turn               (no ring)

@: ice-form (expiring), gold aura
A: freezing attack, amphibious, boosted hp, (spit acid), AC +7, large, unfitting
armour, (cold-blooded), (acid resistance), low MP 1
a: End Transformation, Renounce Religion, Potion Petition, Call Merchant, Bribe
Branch


You were on level 9 of the Dungeon.
You worshipped Gozag.
Gozag was pleased with you.
You were a creature of crystalline ice.
You visited 2 branches of the dungeon, and saw 12 of its levels.

You collected 712 gold pieces.
You paid 140 gold pieces to Gozag.

Inventory:

Armour
 r - a +0 pair of gloves (melded)
Jewellery
 x - a ring of willpower (left front paw)
Wands
 j - a wand of acid (9)
 l - a wand of iceblast (7)
Scrolls
 a - 2 scrolls of enchant weapon
 d - a scroll of identify
 f - a scroll of amnesia
 g - a scroll of fog {unknown}
 m - 3 scrolls of magic mapping
 s - 2 scrolls of teleportation
 u - a scroll of silence {unknown}
Potions
 b - 5 potions of heal wounds {unknown}
 c - a potion of magic {unknown}
 e - 2 potions of curing {unknown}
 h - 2 potions of brilliance {unknown}
 i - a potion of ambrosia {unknown}
 n - 2 potions of mutation {unknown}
 o - a potion of berserk rage {unknown}
 q - 2 potions of lignification {unknown}
 t - 3 potions of haste {unknown}
 v - a potion of degeneration {unknown}
 w - a potion of flight {unknown}


   Skills:
 + Level 6.7 Fighting
 - Level 1.7 Dodging
 - Level 4.0 Stealth
 - Level 3.0 Unarmed Combat
 * Level 8.3 Spellcasting
 + Level 6.4 Transmutations
 - Level 2.0 Ice Magic
 * Level 5.9 Air Magic
 - Level 2.0 Poison Magic


You had 10 spell levels left.
You knew the following spells:

 Your Spells              Type           Power      Damage    Failure   Level
a - Beastly Appendage     Tmut           44%        N/A       1%          1
b - Wereblood             Tmut           22%        N/A       1%          2
c - Spider Form           Tmut/Pois      16%        N/A       7%          3
d - Ice Form              Ice/Tmut       16%        N/A       22%         4
e - Lightning Bolt        Conj/Air       6%         1d18      73%         5

Your spell library contained the following spells:

 Spells                   Type           Power      Damage    Failure   Level
 Sting                    Tmut/Pois      64%        1d6       2%          1
 Poisonous Vapours        Pois/Air       30%        N/A       4%          2
 Corpse Rot               Necr/Air       26%        N/A       6%          2
 Static Discharge         Conj/Air       13%        N/A       6%          2
 Summon Small Mammal      Summ           20%        N/A       13%         1
 Ozocubu's Armour         Ice            10%        N/A       17%         3
 Call Canine Familiar     Summ           5%         N/A       36%         3
 Summon Guardian Golem    Hex/Summ       5%         N/A       36%         3
 Olgreb's Toxic Radiance  Pois           10%        N/A       50%         4
 Ozocubu's Refrigeration  Ice            5%         4d6       100%        7
 Maxwell's Capacitive Co  Air            10%        ∞         100%        8


Dungeon Overview and Level Annotations

Branches:
Dungeon (11/15)            Temple (1/1) D:7
   Lair: D:8-11         Orc: D:9-12

Altars:
Ashenzari
Cheibriados
Elyvilon
Fedhas
Gozag
Hepliaklqana
Kikubaaqudgha
Makhleb
Nemelex Xobeh
Okawaru
Qazlal
Ru
Sif Muna
Trog
Uskayaw
Wu Jian
Xom
Yredelemnul
Zin
The Shining One

Shops:
D:2 =   D:6 *


Innate Abilities, Weirdness & Mutations

You are a creature of crystalline ice.
You have a powerful freezing melee attack.
You are amphibious.
Your maximum health is increased.
Your armour is entirely melded.
You are incapable of wielding weapons or throwing items.
((You can spit globs of acid.))
((Your golden yellow scales are hard. (AC +7)))
You cannot fit into any form of body armour.
((You are cold-blooded and may be slowed by cold attacks.))
((You are resistant to acid. (rCorr)))
Your magical capacity is low. (-10% MP)


Message History

You punch the wyvern! You freeze the wyvern.
The wyvern is heavily wounded.
The wyvern barely misses you.
The wyvern bites you but does no damage.
You barely miss the wyvern.
The wyvern is heavily wounded.
The wyvern bites you!
You hit the wyvern but do no damage.
The wyvern is heavily wounded.
The wyvern bites you!
* * * LOW HITPOINT WARNING * * *
You hit the wyvern. You freeze the wyvern.
The wyvern is severely wounded.
The wyvern barely misses you.
The killer bee is distracted by your dazzling golden aura.
The wyvern bites you!
* * * LOW HITPOINT WARNING * * *
You barely miss the wyvern.
The wyvern is severely wounded.
The wyvern bites you.
* * * LOW HITPOINT WARNING * * *
Okay, then.
You barely miss the wyvern.
The wyvern is severely wounded.
Your transformation is almost over.
The killer bee is no longer distracted by gold.
The wyvern bites you but does no damage.
The wyvern bites you!
* * * LOW HITPOINT WARNING * * *
You hit the wyvern. You freeze the wyvern.
You kill the wyvern!
The killer bee is distracted by your dazzling golden aura.
The killer bee barely misses you.
Unknown command.
Unknown command.
The killer bee buzzes angrily.
You hit the killer bee but do no damage.
The killer bee closely misses you. The killer bee stings you!
You die...
Your body crumbles into a pile of gold.

$ .# .. .# .. l#
.# ######$#
#..Yy.y# $
#.###### #.# #.#
#.# # #.#### .#
$
#######.##.###.#
$
...............#
#######........#


You could see 2 killer bees.

Vanquished Creatures
  A two-headed ogre (D:10)
  Pikel (D:7)
  Prince Ribbit (D:7)
  Sigmund (D:4)
  A wyvern (D:9)
  An orc warrior (D:6)
  An ice beast (D:7)
  A black bear (D:7)
  3 ogres
  A phantom (D:5)
  Blork the orc (D:5)
  A bullfrog (D:6)
  2 gnoll sergeants
  A wyvern zombie (D:6)
  6 scorpions
  A water moccasin zombie (D:5)
  A water moccasin skeleton (D:4)
  4 killer bees
  6 wights (D:10)
  An oklob sapling (D:7)
  A howler monkey (D:11)
  2 bullfrog zombies
  3 iron imps (D:4)
  2 jellies
  A centaur zombie (D:5)
  3 hounds
  2 gnoll shamans
  A bullfrog skeleton (D:6)
  4 centaur skeletons
  3 orc wizards
  2 iguanas (D:6)
  A scorpion zombie (D:3)
  A killer bee zombie (D:6)
  19 gnolls
  7 adders
  2 white imps
  3 dart slugs
  10 orcs
  9 endoplasms
  8 giant cockroaches
  6 goblins
  5 hobgoblins
  4 jackals (D:4)
  9 quokkas
  6 ball pythons
  8 bats
  7 frilled lizards
  4 kobolds
  2 rats
171 creatures vanquished.

Vanquished Creatures (others)
  5 fungi (D:7)
  5 plants
10 creatures vanquished.

Grand Total: 181 creatures vanquished

Notes
Turn   | Place    | Note
-------+----------+-------------------------------------------
     0 | D:1      | Zeld the Draconian Transmuter began the quest for the Orb.
     0 | D:1      | Reached XP level 1. HP: 16/16 MP: 3/3
   341 | D:1      | Reached XP level 2. HP: 21/23 MP: 3/5
   344 | D:1      | Learned a level 2 spell: Wereblood
   630 | D:1      | Reached skill level 1 in Poison Magic
   903 | D:1      | Reached skill level 1 in Ice Magic
  1375 | D:2      | Reached XP level 3. HP: 24/28 MP: 6/6
  1383 | D:2      | Learned a level 3 spell: Spider Form
  1726 | D:2      | Found Yfasik's One-of-a-Kind Rings.
  1762 | D:2      | Reached XP level 4. HP: 33/35 MP: 5/7
  3230 | D:3      | Reached skill level 3 in Spellcasting
  3230 | D:3      | Reached XP level 5. HP: 40/41 MP: 9/9
  3235 | D:3      | Learned a level 4 spell: Ice Form
  3378 | D:3      | Found a blossoming altar of Fedhas.
  3515 | D:4      | Noticed Sigmund
  3515 | D:4      | Found a hide-covered altar of Uskayaw.
  3548 | D:4      | Identified the +3 hunting sling of Kohov {freeze, Fly
                  | rPois}
  3611 | D:4      | Found a hazy altar of Hepliaklqana.
  3623 | D:4      | Noticed an ogre
  3649 | D:4      | Killed an ogre
  3966 | D:4      | Reached XP level 6. HP: 40/50 MP: 8/11
  3967 | D:5      | Entered Level 5 of the Dungeon
  3998 | D:5      | Reached skill level 4 in Spellcasting
  4480 | D:4      | Killed Sigmund
  4481 | D:4      | Reached skill level 1 in Stealth
  4581 | D:4      | Found a burning altar of Makhleb.
  4604 | D:4      | Your scales start taking on a golden yellow colour.
  4604 | D:4      | Reached XP level 7. HP: 41/57 MP: 5/13
  4604 | D:4      | Gained mutation: You are resistant to acid. (rCorr) [Yellow
                  | Draconian growth]
  5043 | D:4      | Reached skill level 5 in Spellcasting
  5810 | D:5      | Noticed Blork the orc
  5823 | D:5      | Killed Blork the orc
  6104 | D:5      | Reached XP level 8. HP: 67/67 MP: 14/16
  6634 | D:6      | Found Qosoerix's Profane Products.
  6978 | D:6      | Reached skill level 6 in Spellcasting
  7158 | D:5      | Learned a level 5 spell: Lightning Bolt
  7306 | D:5      | Gained mutation: Your magical capacity is low. (-10% MP)
                  | [mutagenic glow]
  7436 | D:6      | Reached skill level 5 in Fighting
  7489 | D:6      | Reached skill level 1 in Air Magic
  7630 | D:6      | Reached skill level 5 in Transmutations
  8379 | D:6      | Reached XP level 9. HP: 33/74 MP: 17/17
  8760 | D:7      | Found a staircase to the Ecumenical Temple.
  8806 | Temple   | Entered the Ecumenical Temple
  8871 | Temple   | Became a worshipper of Gozag Ym Sagoz the Greedy
  9213 | D:7      | Noticed Pikel
  9231 | D:7      | Killed Pikel
  9232 | D:7      | Reached skill level 7 in Spellcasting
 10200 | D:7      | Noticed Prince Ribbit
 10207 | D:7      | Killed Prince Ribbit
 10715 | D:7      | Found the +7 Singing Sword {vorpal, sonic wave}
 10886 | D:8      | You fall into a shaft and drop 3 floors!
 11001 | D:10     | Entered Level 10 of the Dungeon
 11024 | D:10     | Reached skill level 5 in Air Magic
 11194 | D:10     | Noticed a komodo dragon
 11238 | D:10     | Reached skill level 8 in Spellcasting
 11530 | D:10     | Noticed a two-headed ogre
 11571 | D:10     | Killed a two-headed ogre
 11572 | D:10     | Reached XP level 10. HP: 61/84 MP: 18/20
 11791 | D:9      | Slain by a killer bee

Illustrated notes

Levels and vault maps discovered:
D:1:      minmay_arrival_jagged, layout_basic, minmay_tetromino_i2
D:2:      layout_loops_ring, serial_bayou_pond_d, nicolae_shop_unique_rings
D:3:      layout_basic, lemuel_doored_altar, serial_aquarium,
          aquarium_bridge_island_small [aquarium_subvault_small_water,
          aquarium_subvault_bridge, aquarium_subvault_bridge,
          aquarium_subvault_bridge, aquarium_subvault_window],
          aquarium_window_3, aquarium_window_fake, aquarium_window_1,
          aquarium_view_2b, aquarium_pool_five
D:4:      layout_basic, nicolae_uskayaw_dance_hall, demons_altar,
          mainiacjoe_overflow_paths, uniq_sigmund
D:5:      layout_basic, nicolae_concentric_dashed_squares_mild,
          uniq_blork_the_orc
D:6:      layout_gridville, hangedman_decor_push, hangedman_decor_riveting,
          nicolae_evil_shop
D:7:      old_forge, layout_loops_ring, minmay_temple_entry_oklob, uniq_pikel,
          uniq_prince_ribbit1
D:8:      layout_rooms, nicolae_overflow_hidden_temple, serial_shops,
          nicolae_shop_overgrown_old_shop, nicolae_inconvenience_store,
          nicolae_shop_advertising_works [nicolae_subvault_shop_adworks]
D:9:      minmay_curly_fans, layout_loops_ring, kennysheep_mini, minivault_25_ag
D:10:     layout_small_grid, david_orc_2
D:11:     hangedman_cross_cluster, layout_loops_cross, uniq_fannar
Temple:   eino_temple_scatter_basement

Skill      XL: |  1  2  3  4  5  6  7  8  9 |
---------------+----------------------------+-----
Poison Magic   | 1 2 |  2.0
Ice Magic      | 1 2 |  2.0
Fighting       | 2 3 4 5 6 |  6.7
Spellcasting   | 3 4 5 6 8 |  8.3
Transmutations | 3 4 5 6 |  6.4
Stealth        | 1 2 4 |  4.0
Air Magic      | 2 5 |  5.9
Dodging        | |  1.7
Unarmed Combat | |  3.0

Action                   |  1- 3 |  4- 6 |  7- 9 | 10-12 || total
-------------------------+-------+-------+-------+-------++-------
Melee: Unarmed           |    87 |   147 |   346 |    20 ||   600
       Kick              |    17 |    21 |     6 |       ||    44
       Headbutt          |     7 |    16 |     5 |       ||    28
       Tailslap          |     7 |    13 |     7 |       ||    27
       Punch             |       |     3 |       |       ||     3
       Hunting sling     |       |     2 |       |       ||     2
 Cast: Beastly Appendage |    38 |    32 |     9 |       ||    79
       Spider Form       |       |     4 |    18 |       ||    22
       Ice Form          |       |     1 |    28 |     1 ||    30
       Wereblood         |       |       |     4 |       ||     4
 Abil: Breathe Acid      |       |       |     2 |       ||     2
  Use: Scroll            |       |       |     7 |       ||     7
 Stab: Sleeping          |     1 |       |     1 |       ||     2
Armor: Skin              |    26 |    26 |    81 |     5 ||   138
Dodge: Dodged            |    71 |   119 |   250 |    13 ||   453
